 Dungeon Crawl Stone Soup version 0.23.1 (webtiles) character file.

Game seed: 0

33397 esteth the Thaumaturge (level 13, -3/99 HPs)
             Began as a Gnoll Fire Elementalist on Mar 15, 2019.
             Was an Initiate of Gozag.
             Slain by a molten gargoyle
             ... wielding a +0 flail
              (6 damage)
             ... while petrified by a basilisk
             ... on level 6 of the Lair of Beasts.
             The game lasted 00:54:36 (19112 turns).

esteth the Thaumaturge (Gnoll Fire Elementalist)   Turns: 19112, Time: 00:54:38

Health: -3/99      AC: 13    Str: 16    XL:     13   Next: 70%
Magic:  26/26      EV:  2    Int: 22    God:    Gozag
Gold:   3830       SH:  0    Dex: 19    Spells: 13/31 levels left

rFire    . . .     SeeInvis .   U - +10 trident of the Twenty Lovers {pain, +Inv}
rCold    + . .     Gourm    .   i - +2 buckler {rN+}
rNeg     + + +     Faith    .   T - +4 ring mail "Otsidoce" {rC+}
rPois    ∞         Spirit   .   (no helmet)
rElec    .         Reflect  +   w - +0 cloak
rCorr    .         Harm     .   (no gloves)
MR       .....                  R - +0 pair of boots
Stlth    ++++......             B - +3 amulet of reflection
HPRegen  0.26/turn              b - +5 ring of strength
MPRegen  0.20/turn              N - +3 ring of dexterity

@: petrified
A: distributed training, fangs 1, strong nose
a: Potion Petition, Call Merchant, Bribe Branch, Renounce Religion, Evoke
Invisibility


You were on level 6 of the Lair of Beasts.
You worshipped Gozag.
Gozag was most pleased with you.
You were not hungry.

You visited 2 branches of the dungeon, and saw 17 of its levels.

You collected 4265 gold pieces.
You paid 435 gold pieces to Gozag.

Inventory:

Hand Weapons
 U - the +10 trident of the Twenty Lovers (weapon) {pain, +Inv}
   (You found it on level 10 of the Dungeon)

   In the hands of one skilled in necromantic magic, it inflicts extra damage on
   living creatures.
   It lets you turn invisible.
Armour
 i - a +2 buckler of positive energy (worn)
 w - a +0 cloak (worn)
 D - the +2 ratskin cloak {+Rats rPois rN+ Str-1 Int-1 Dex+1}
   (You found it on level 8 of the Dungeon)

   It affects your strength (-1).
   It affects your intelligence (-1).
   It affects your dexterity (+1).
   It protects you from poison.
   It protects you from negative energy.
 R - a +0 pair of boots (worn)
 T - the +4 ring mail "Otsidoce" (worn) {rC+}
   (You found it on level 9 of the Dungeon)

   It protects you from cold.
 Y - the +6 shield of Disguise {rN++ Dex+2}
   (You found it on level 1 of the Lair of Beasts)

   It affects your dexterity (+2).
   It greatly protects you from negative energy.
Magical Staves
 n - an uncursed staff of fire
Jewellery
 b - a +5 ring of strength (left hand)
 j - an uncursed amulet of the acrobat
 B - a +3 amulet of reflection (around neck)
 J - a +3 ring of evasion
 N - a +3 ring of dexterity (right hand)
 O - an uncursed ring of poison resistance
 P - an uncursed ring of protection from cold
Wands
 p - a wand of clouds (4)
 E - a wand of disintegration (13)
 F - a wand of acid (7)
 L - a wand of flame (21)
 Q - a wand of enslavement (16)
Scrolls
 d - 2 scrolls of blinking
 f - 3 scrolls of amnesia
 k - 12 scrolls of teleportation
 r - 7 scrolls of remove curse
 z - 3 scrolls of fog
 A - a scroll of enchant weapon
 C - 2 scrolls of magic mapping
 H - 2 scrolls of fear
 I - 2 scrolls of vulnerability
 M - 3 scrolls of enchant armour
 W - a scroll of identify
 X - a scroll of torment {unknown}
 Z - a scroll of holy word {unknown}
Potions
 e - 2 potions of magic {unknown}
 h - 2 potions of might
 l - a potion of agility
 m - 3 potions of brilliance
 s - 2 potions of berserk rage {unknown}
 u - 2 potions of degeneration {unknown}
 v - a potion of invisibility {unknown}
 x - 6 potions of curing {unknown}
 G - 3 potions of lignification {unknown}
 S - 2 potions of mutation {unknown}
 V - 4 potions of flight {unknown}
Comestibles
 c - 13 rations


   Skills:
 + Level 8.4 Fighting
 + Level 8.4 Short Blades
 + Level 8.4 Long Blades
 + Level 8.4 Axes
 + Level 8.4 Maces & Flails
 + Level 8.4 Polearms
 + Level 8.4 Staves
 + Level 8.4 Slings
 + Level 8.4 Bows
 + Level 8.4 Crossbows
 + Level 8.4 Throwing
 + Level 8.4 Armour
 + Level 9.6 Dodging
 + Level 9.4 Stealth
 + Level 8.4 Shields
 + Level 8.4 Unarmed Combat
 + Level 9.8 Spellcasting
 + Level 7.3 Conjurations
 + Level 7.0 Hexes
 + Level 7.0 Charms
 + Level 7.0 Summonings
 + Level 7.0 Necromancy
 + Level 7.0 Translocations
 + Level 7.0 Transmutations
 + Level 9.0 Fire Magic
 + Level 7.0 Ice Magic
 + Level 7.0 Air Magic
 + Level 7.0 Earth Magic
 + Level 7.0 Poison Magic
 + Level 9.2 Invocations
 + Level 8.4 Evocations


You had 13 spell levels left.
You knew the following spells:

 Your Spells              Type           Power        Failure   Level  Hunger
a - Flame Tongue          Conj/Fire      #####        1%          1    None
b - Conjure Flame         Conj/Fire      #####...     1%          3    None
c - Sticky Flame          Conj/Fire      #####...     3%          4    ##.....
d - Mephitic Cloud        Conj/Pois/Air  #####...     1%          3    None
e - Magic Dart            Conj           ####         1%          1    None
f - Spectral Weapon       Hex/Chrm       #####...     1%          3    None
g - Ignite Poison         Fire/Tmut/Pois #####...     1%          3    None

Your spell library contained the following spells:

 Spells                   Type           Power        Failure   Level  Hunger
 Corona                   Hex            #####..      1%          1    None
 Blink                    Tloc           N/A          1%          2    None
 Call Imp                 Summ           #####...     1%          2    None
 Slow                     Hex            #####...     1%          2    None
 Throw Flame              Conj/Fire      #####.       1%          2    None
 Confuse                  Hex            #####...     1%          3    None
 Dazzling Spray           Conj/Hex       #####.       1%          3    None
 Inner Flame              Hex/Fire       #####...     1%          3    None
 Summon Guardian Golem    Hex/Summ       #####...     1%          3    None
 Tukima's Dance           Hex            #####...     1%          3    None
 Fulminant Prism          Conj/Hex       #####.....   5%          4    ##.....
 Fireball                 Conj/Fire      #####.....   10%         5    ####...
 Discord                  Hex            #####.....   100%        8    #######


Dungeon Overview and Level Annotations

Branches:
Dungeon (11/15)            Temple (0/1) D:7            Lair (6/6) D:10
  Swamp (0/4) Lair:2        Snake (0/4) Lair:4        Slime (0/5) Lair:5
    Orc (0/2) D:11

Altars:
Ashenzari
Cheibriados
Elyvilon
Gozag
Kikubaaqudgha
Okawaru
Qazlal
Ru
Sif Muna
Trog
Xom
Yredelemnul
Jiyva

Shops:
D:4 *   D:6 (

Annotations:
D:11 Harold
Lair:5 1 runed translucent door, 2 transporters, Otaguph's ghost, journeyman CeAM


Innate Abilities, Weirdness & Mutations

Your experience applies equally to all skills.
You have very sharp teeth.
Your uncanny sense of smell can sniff out nearby items.


Message History

The molten gargoyle hits you but does no damage.
The basilisk bites you!
The molten gargoyle hits you with a +0 flail!
You are engulfed in flames!
The basilisk bites you. The basilisk bites you!
* * * LOW HITPOINT WARNING * * *
The basilisk gazes at you.
You easily resist.
The basilisk bites you!
* * * LOW HITPOINT WARNING * * *
The molten gargoyle blasts magma at you!
The bolt of magma hits you!
* * * LOW HITPOINT WARNING * * *
The basilisk bites you. x2
The basilisk bites you!
* * * LOW HITPOINT WARNING * * *
The molten gargoyle hits you with a +0 flail!
* * * LOW HITPOINT WARNING * * *
You are engulfed in flames!
You die...
Your body crumbles into a pile of gold. ............. .............. # ............. ##8# ..#.#..#..... #8..#§ ..##........ #.....§ ...#...#P.. ####9.....# ..........####..@l...§§≈ ...........#....ll...#≈≈ $$$$

..........#.......^##§§§
$
..P.....##.####........≈
..P......#### ##.......
............# ##......#
....).......## .....##
.............# ....##
.............## #8.##


You could see 3 basilisks and a molten gargoyle.

Vanquished Creatures
  5 hydras
  A two-headed ogre (D:8)
  A lindwurm (Lair:5)
  4 elephants (Lair:5)
  A black mamba (Lair:2)
  11 spiny frogs
  2 rime drakes
  11 komodo dragons
  A troll (D:7)
  Prince Ribbit (D:7)
  A polar bear (Lair:5)
  12 blink frogs
  9 hippogriffs
  A human (D:8)
  A wyvern (D:8)
  47 yaks
  2 steam dragons
  A hungry ghost (D:10)
  7 basilisks
  Edmund (D:6)
  8 water moccasins
  10 porcupines
  Duvessa (D:7)
  An orc warrior (D:6)
  2 phantoms
  2 ice beasts
  3 black bears
  A necrophage (D:8)
  6 ogres
  4 centaurs
  10 crocodiles
  Blork the orc (D:6)
  25 bullfrogs
  A big kobold (D:9)
  A gnoll sergeant (D:10)
  4 scorpions
  Dowan (D:7)
  10 killer bees
  2 howler monkeys
  A wight (D:7)
  2 electric eels (Lair:1)
  A centaur zombie (D:7)
  7 crimson imps
  A jelly (D:9)
  A bullfrog zombie (D:8)
  4 centaur skeletons
  An orc priest (D:7)
  4 hounds
  2 bullfrog skeletons (D:7)
  A gnoll shaman (D:5)
  9 orc wizards
  3 iguanas
  Jessica (D:2)
  3 hell rats (D:8)
  8 worker ants
  A hound zombie (D:6)
  A worker ant zombie (D:9)
  Robin (D:4)
  19 gnolls
  A howler monkey skeleton (D:10)
  8 adders
  4 river rats (D:8)
  A shadow imp (D:7)
  2 oozes
  An adder zombie (D:8)
  4 worms
  6 dart slugs
  4 leopard geckos
  28 orcs
  2 ball pythons
  6 giant cockroaches
  23 goblins
  7 hobgoblins
  6 jackals
  3 quokkas
  7 bats
  2 frilled lizards
  17 kobolds
  A leopard gecko zombie (D:8)
  A quokka skeleton (D:5)
  23 rats
  2 plants
443 creatures vanquished.

Vanquished Creatures (others)
  A fungus (Lair:6)
  A plant (Lair:1)
2 creatures vanquished.

Grand Total: 445 creatures vanquished

Notes
Turn   | Place    | Note
-------+----------+-------------------------------------------
     0 | D:1      | esteth the Gnoll Fire Elementalist began the quest for the
                  | Orb.
     0 | D:1      | Reached XP level 1. HP: 13/13 MP: 6/6
   192 | D:1      | Reached XP level 2. HP: 18/19 MP: 4/7
   785 | D:1      | Reached XP level 3. HP: 22/25 MP: 9/9
   882 | D:2      | Reached skill level 5 in Spellcasting
  1141 | D:2      | Found a faded altar of an unknown god.
  1208 | D:2      | You fall through a shaft for 2 floors!
  1211 | D:4      | Noticed a scorpion
  1219 | D:4      | Noticed Robin
  1234 | D:4      | Reached skill level 1 in Invocations
  1510 | D:4      | Reached skill level 1 in Fighting
  1510 | D:4      | Reached skill level 1 in Short Blades
  1510 | D:4      | Reached skill level 1 in Long Blades
  1510 | D:4      | Reached skill level 1 in Axes
  1510 | D:4      | Reached skill level 1 in Maces & Flails
  1510 | D:4      | Reached skill level 1 in Polearms
  1510 | D:4      | Reached skill level 1 in Staves
  1510 | D:4      | Reached skill level 1 in Slings
  1510 | D:4      | Reached skill level 1 in Bows
  1510 | D:4      | Reached skill level 1 in Crossbows
  1510 | D:4      | Reached skill level 1 in Throwing
  1510 | D:4      | Reached skill level 1 in Armour
  1510 | D:4      | Reached skill level 1 in Shields
  1510 | D:4      | Reached skill level 1 in Unarmed Combat
  1510 | D:4      | Reached skill level 1 in Evocations
  1510 | D:4      | Reached XP level 4. HP: 19/32 MP: 1/11
  1649 | D:3      | Found a sacrificial altar of Ru.
  1884 | D:3      | Reached skill level 1 in Hexes
  1884 | D:3      | Reached skill level 1 in Charms
  1884 | D:3      | Reached skill level 1 in Summonings
  1884 | D:3      | Reached skill level 1 in Necromancy
  1884 | D:3      | Reached skill level 1 in Translocations
  1884 | D:3      | Reached skill level 1 in Transmutations
  1884 | D:3      | Reached skill level 1 in Ice Magic
  1884 | D:3      | Reached skill level 1 in Air Magic
  1884 | D:3      | Reached skill level 1 in Earth Magic
  1884 | D:3      | Reached skill level 1 in Poison Magic
  1981 | D:4      | Learned a level 3 spell: Conjure Flame
  2071 | D:4      | Killed Robin
  2196 | D:3      | Reached XP level 5. HP: 34/37 MP: 12/12
  2262 | D:3      | Found a snail-covered altar of Cheibriados.
  2689 | D:3      | Found a bloodstained altar of Trog.
  3133 | D:2      | Noticed Jessica
  3136 | D:2      | Killed Jessica
  3537 | D:3      | Reached XP level 6. HP: 44/44 MP: 8/13
  4138 | D:4      | Found an opulent altar of Gozag.
  4146 | D:4      | Found a white marble altar of Elyvilon.
  4148 | D:4      | Found a basalt altar of Yredelemnul.
  4150 | D:4      | Found a shimmering altar of Xom.
  4152 | D:4      | Found a shattered altar of Ashenzari.
  4165 | D:4      | Became a worshipper of Gozag Ym Sagoz the Greedy
  4307 | D:4      | Reached skill level 5 in Dodging
  4431 | D:4      | Learned a level 4 spell: Sticky Flame
  4500 | D:4      | Found Loteacle's Assorted Antiques.
  4561 | D:4      | Noticed a phantom
  4590 | D:4      | Killed a phantom
  4590 | D:4      | Reached XP level 7. HP: 47/50 MP: 8/15
  4759 | D:4      | Found a deep blue altar of Sif Muna.
  5067 | D:5      | Entered Level 5 of the Dungeon
  5145 | D:5      | Reached skill level 5 in Stealth
  5156 | D:5      | Reached XP level 8. HP: 14/57 MP: 0/16
  5646 | D:5      | Learned a level 3 spell: Mephitic Cloud
  6472 | D:6      | Noticed Blork the orc
  6479 | D:6      | Killed Blork the orc
  6665 | D:6      | Noticed Edmund
  6675 | D:6      | Killed Edmund
  6747 | D:6      | Found Quryu's Antique Weapon Shop.
  6888 | D:6      | Found a stormy altar of Qazlal.
  7199 | D:7      | Noticed Prince Ribbit
  7370 | D:7      | Reached XP level 9. HP: 65/65 MP: 9/18
  7512 | D:7      | Noticed Dowan
  7519 | D:7      | Noticed Duvessa
  7552 | D:7      | Found a transporter.
  7553 | D:7      | Found a transporter.
  7649 | D:7      | Killed Dowan
  7746 | D:7      | Killed Prince Ribbit
  8068 | D:7      | Killed Duvessa
  8190 | D:7      | Learned a level 1 spell: Magic Dart
  8260 | D:7      | Identified Wearphext's Handbook of Malediction
  8469 | D:7      | Found an ancient bone altar of Kikubaaqudgha.
  8498 | D:7      | Noticed a troll
  8507 | D:7      | Killed a troll
  8633 | D:7      | Found a staircase to the Ecumenical Temple.
  8684 | D:7      | Reached skill level 5 in Invocations
  8925 | D:8      | Found the +2 ratskin cloak {+Rats rPois rN+ Str-1 Int-1
                  | Dex+1}
  8963 | D:8      | Reached XP level 10. HP: 60/73 MP: 1/20
  9390 | D:8      | Reached skill level 5 in Fighting
  9390 | D:8      | Reached skill level 5 in Short Blades
  9390 | D:8      | Reached skill level 5 in Long Blades
  9390 | D:8      | Reached skill level 5 in Axes
  9390 | D:8      | Reached skill level 5 in Maces & Flails
  9390 | D:8      | Reached skill level 5 in Polearms
  9390 | D:8      | Reached skill level 5 in Staves
  9390 | D:8      | Reached skill level 5 in Slings
  9390 | D:8      | Reached skill level 5 in Bows
  9390 | D:8      | Reached skill level 5 in Crossbows
  9390 | D:8      | Reached skill level 5 in Throwing
  9390 | D:8      | Reached skill level 5 in Armour
  9390 | D:8      | Reached skill level 5 in Shields
  9390 | D:8      | Reached skill level 5 in Unarmed Combat
  9390 | D:8      | Reached skill level 5 in Evocations
  9828 | D:8      | Got a translucent scale mail
  9829 | D:8      | Identified the +2 scale mail of Wiefato {MR+} (You found it
                  | on level 8 of the Dungeon)
 10346 | D:8      | Noticed a two-headed ogre
 10365 | D:8      | Killed a two-headed ogre
 10365 | D:8      | Reached skill level 5 in Conjurations
 11099 | D:9      | Reached XP level 11. HP: 80/80 MP: 2/22
 11525 | D:9      | Got a translucent ring mail
 11526 | D:9      | Identified the +4 ring mail "Otsidoce" {rC+} (You found it
                  | on level 9 of the Dungeon)
 11908 | D:10     | Entered Level 10 of the Dungeon
 12129 | D:10     | Found a staircase to the Lair.
 12385 | D:10     | Got a brightly glowing trident
 12386 | D:10     | Identified the +10 trident of the Twenty Lovers {pain,
                  | +Inv} (You found it on level 10 of the Dungeon)
 12499 | D:10     | Found an iron altar of Okawaru.
 12508 | D:10     | Reached skill level 5 in Hexes
 12508 | D:10     | Reached skill level 5 in Charms
 12508 | D:10     | Reached skill level 5 in Summonings
 12508 | D:10     | Reached skill level 5 in Necromancy
 12508 | D:10     | Reached skill level 5 in Translocations
 12508 | D:10     | Reached skill level 5 in Transmutations
 12508 | D:10     | Reached skill level 5 in Ice Magic
 12508 | D:10     | Reached skill level 5 in Air Magic
 12508 | D:10     | Reached skill level 5 in Earth Magic
 12508 | D:10     | Reached skill level 5 in Poison Magic
 12875 | D:11     | Found a staircase to the Orcish Mines.
 12884 | D:11     | Noticed an eight-headed hydra
 12913 | D:11     | Noticed Harold
 13145 | Lair:1   | Entered Level 1 of the Lair of Beasts
 13285 | Lair:1   | Noticed a four-headed hydra
 13300 | Lair:1   | Killed a four-headed hydra
 13966 | Lair:1   | Noticed a seven-headed hydra
 13983 | Lair:1   | Killed a seven-headed hydra
 14135 | Lair:1   | Reached XP level 12. HP: 88/88 MP: 24/24
 14316 | Lair:1   | You fall through a shaft!
 14900 | Lair:1   | Got a crude shield
 14901 | Lair:1   | Identified the +6 shield of Disguise {rN++ Dex+2} (You
                  | found it on level 1 of the Lair of Beasts)
 15295 | Lair:2   | Found a staircase to the Swamp.
 15298 | Lair:2   | Noticed a six-headed hydra
 15309 | Lair:2   | Killed a six-headed hydra
 16969 | Lair:3   | Learned a level 3 spell: Spectral Weapon
 16991 | Lair:4   | Reached XP level 13. HP: 89/98 MP: 22/26
 17261 | Lair:4   | Found a staircase to the Snake Pit.
 17523 | Lair:4   | You fall through a shaft for 2 floors!
 17523 | Lair:6   | Entered Level 6 of the Lair of Beasts
 18218 | Lair:5   | Found a runed translucent door.
 18218 | Lair:5   | Found a viscous altar of Jiyva.
 18221 | Lair:5   | Found a staircase to the Slime Pits.
 18638 | Lair:5   | Noticed Otaguph's ghost (journeyman CeAM)
 18697 | Lair:5   | Identified a scroll of acquirement
 18697 | Lair:5   | Identified the Collected Works on Hexes and the Blaze (You
                  | acquired it on level 5 of the Lair of Beasts)
 18703 | Lair:5   | Learned a level 3 spell: Ignite Poison
 18761 | Lair:5   | Found a transporter.
 18764 | Lair:5   | Found a transporter.
 19112 | Lair:6   | HP: 3/99 [molten gargoyle/+0 flail (7)]
 19112 | Lair:6   | Slain by a molten gargoyle

Skill      XL: |  1  2  3  4  5  6  7  8  9 10 11 12 13 |
---------------+----------------------------------------+-----
Conjurations   | 2 3 4 5 6 7 |  7.3
Spellcasting   | 5 6 7 8 9 |  9.8
Invocations    | 1 2 3 4 5 6 7 8 9 |  9.2
Fighting       | 1 2 3 4 5 6 7 8 |  8.4
Short Blades   | 1 2 3 4 5 6 7 8 |  8.4
Long Blades    | 1 2 3 4 5 6 7 8 |  8.4
Axes           | 1 2 3 4 5 6 7 8 |  8.4
Maces & Flails | 1 2 3 4 5 6 7 8 |  8.4
Polearms       | 1 2 3 4 5 6 7 8 |  8.4
Staves         | 1 2 3 4 5 6 7 8 |  8.4
Slings         | 1 2 3 4 5 6 7 8 |  8.4
Bows           | 1 2 3 4 5 6 7 8 |  8.4
Crossbows      | 1 2 3 4 5 6 7 8 |  8.4
Throwing       | 1 2 3 4 5 6 7 8 |  8.4
Armour         | 1 2 3 4 5 6 7 8 |  8.4
Shields        | 1 2 3 4 5 6 7 8 |  8.4
Unarmed Combat | 1 2 3 4 5 6 7 8 |  8.4
Evocations     | 1 2 3 4 5 6 7 8 |  8.4
Hexes          | 1 2 3 4 5 6 7 |  7.0
Charms         | 1 2 3 4 5 6 7 |  7.0
Summonings     | 1 2 3 4 5 6 7 |  7.0
Necromancy     | 1 2 3 4 5 6 7 |  7.0
Translocations | 1 2 3 4 5 6 7 |  7.0
Transmutations | 1 2 3 4 5 6 7 |  7.0
Ice Magic      | 1 2 3 4 5 6 7 |  7.0
Air Magic      | 1 2 3 4 5 6 7 |  7.0
Earth Magic    | 1 2 3 4 5 6 7 |  7.0
Poison Magic   | 1 2 3 4 5 6 7 |  7.0
Dodging        | 5 6 7 8 9 |  9.6
Stealth        | 5 6 7 8 9 |  9.4
Fire Magic     | 6 7 8 9 |  9.0

Action                   |  1- 3 |  4- 6 |  7- 9 | 10-12 | 13-15 || total
-------------------------+-------+-------+-------+-------+-------++-------
Melee: Unarmed           |    47 |     4 |       |       |       ||    51
       Bite              |    13 |    16 |    48 |    70 |    22 ||   169
       Club              |    46 |    72 |       |       |       ||   118
       Staff             |       |    75 |   348 |   232 |       ||   655
       Trident           |       |       |       |   362 |   162 ||   524
 Cast: Flame Tongue      |    26 |   118 |   216 |   217 |       ||   577
       Mephitic Cloud    |       |       |     6 |    12 |       ||    18
       Magic Dart        |       |       |    30 |    28 |       ||    58
       Sticky Flame      |       |       |       |     7 |       ||     7
       Conjure Flame     |       |       |       |     1 |       ||     1
       Spectral Weapon   |       |       |       |     1 |    20 ||    21
Invok: Potion Petition   |       |       |     1 |     1 |       ||     2
 Abil: Evoke Invisibilit |       |       |       |     3 |       ||     3
  Use: Scroll            |     5 |     3 |     3 |     4 |    19 ||    34
       Potion            |     1 |     3 |     3 |       |       ||     7
 Stab: Sleeping          |     7 |     3 |     4 |    18 |     5 ||    37
       Distracted        |       |     1 |     2 |     7 |     2 ||    12
       Confused          |       |       |     1 |     7 |       ||     8
       Invisible         |       |       |       |     7 |       ||     7
  Eat: Chunk             |     1 |    10 |       |       |       ||    11
       Ration            |       |       |     4 |     9 |     2 ||    15
Armor: Robe              |     8 |       |       |       |       ||     8
       Ring mail         |    26 |    54 |    98 |   133 |    16 ||   327
       Scale mail        |       |       |       |     5 |       ||     5
Dodge: Dodged            |   103 |   130 |   312 |   383 |    76 ||  1004
Block: Buckler           |    42 |    80 |   196 |   294 |    69 ||   681
       Reflection        |       |       |       |     7 |       ||     7
